 Dungeon Crawl Stone Soup version 0.31-a0-354-g827e0957a7 (webtiles) character file.

Game seed: 9277559696987584960

210 Locuples the Trooper (level 5, -1/75 HPs)
             Began as a Minotaur Berserker on July 24, 2023.
             Was a Priest of Trog.
             Slain by a ball python (3 damage)
             ... in a sewer.
             The game lasted 00:03:48 (2023 turns).

Locuples the Trooper (Minotaur Berserker)           Turns: 2023, Time: 00:03:48

Health: -1/75      AC:  2    Str: 23    XL:     5   Next: 56%
Magic:  4/4        EV:  9    Int:  4    God:    Trog [***...]
Gold:   126        SH:  0    Dex: 10    Spells: 4/4 levels left

rFire   . . .        k - +2 hand axe (vamp)
rCold   . . .        (no shield)
rNeg    . . .        b - +0 animal skin
rPois   .            (helmet restricted)
rElec   .            (no cloak)
rCorr   .            (no gloves)
SInv    .            (no boots)
Will    .....        (no amulet) Stlth
                     (no ring)
HPRegen 0.32/turn    (no ring)
MPRegen 0.09/turn

%: no passive effects
@: berserking, lethally poisoned (-1 -> -4), constricted, slow
A: horns 2, retaliatory headbutt
a: Renounce Religion, Berserk, Trog's Hand


You were in a sewer.
You worshipped Trog.
Trog was most pleased with you.
You visited 1 branch of the dungeon, and saw 3 of its levels.
You also visited: Sewer.

You collected 126 gold pieces.

Inventory:

Hand Weapons
 a - a +0 hand axe
 k - a +2 vampiric hand axe (weapon)
Armour
 b - a +0 animal skin (worn)
Scrolls
 c - 2 scrolls of identify {unknown}
 e - a scroll of blinking {unknown}
 f - a scroll of vulnerability {unknown}
 g - a scroll of fog {unknown}
 o - 3 scrolls of fear {unknown}
Potions
 d - 2 potions of heal wounds {unknown}
 h - a potion of enlightenment {unknown}
 i - a potion of attraction {unknown}
 j - a potion of resistance {unknown}
 l - a potion of mutation {unknown}
 m - 2 potions of haste {unknown}
 n - a potion of might {unknown}


   Skills:
 * Level 6.0 Fighting
 + Level 5.6 Axes
 + Level 2.8 Armour
 - Level 2.1 Dodging


You had 4 spell levels left.
You didn't know any spells.
Your spell library was empty.

Dungeon Overview and Level Annotations

Branches:
Dungeon (3/15)              Sewer (1/1)

Altars:


Innate Abilities, Weirdness & Mutations

You have a pair of horns on your head.
You reflexively headbutt those who attack you in melee.


Message History

You feel very sick. The adder bites you. The ball python bites you.
The ball python grabs you. The ball python constricts you.
The bullfrog hits you but does no damage.
The adder barely misses you. You furiously retaliate!
You headbutt the adder. The ball python barely misses you. The adder bites you.
Your unstable footing causes you to fumble your attack.
You feel sick. The bullfrog closely misses you.
The ball python bites you but does no damage.
The ball python constricts you. The adder bites you.
The ball python loses its grip on you. The bullfrog hits you.
The adder bites you. The ball python bites you. The ball python grabs you.
The ball python constricts you. The bullfrog completely misses you.
A red film seems to cover your vision as you go berserk!
You feel yourself moving faster!
You feel mighty!
You feel sick. The bullfrog closely misses you. The adder barely misses you.
The adder bites you. x2; The ball python bites you.
The ball python constricts you. The bullfrog misses you. The bullfrog hits you.
* * * LOW HITPOINT WARNING * * *
The adder bites you but does no damage.
You slice the adder!!
You feel better.
You kill the adder!
Trog accepts your kill.
You slash the bullfrog! You barely miss the adder. You hit the adder.
You closely miss the ball python. You barely miss the bullfrog.
You feel sick. The adder closely misses you. You furiously retaliate!
You headbutt the adder. The adder bites you.
* * * LOW HITPOINT WARNING * * *
The bullfrog hits you.
* * * LOW HITPOINT WARNING * * *
The ball python bites you but does no damage.
The ball python constricts you.
* * * LOW HITPOINT WARNING * * *
The bullfrog hits you!
* * * LOW HITPOINT WARNING * * *
Your unstable footing causes you to fumble your attack.
The bullfrog closely misses you. The adder misses you. The adder bites you.
* * * LOW HITPOINT WARNING * * *
The ball python bites you.
You die...

##...†.
#......+
#......
#......#
##......
......#
#......#
##~~~..#
##~~~.##
#≈~~≈≈≈#
#≈~~~≈~#
#~≈≈~~~#
#~~≈≈≈≈#
#≈≈SSF≈#
#≈~≈≈≈≈#
#≈≈S@F≈#
#~≈~≈≈≈#
#≈≈S~≈≈#
#≈≈~~~≈#
#≈~≈≈≈≈#
#≈≈≈~≈~#
#≈.≈≈≈≈#
#≈≈~≈~~#
#~.~≈≈≈#
#≈.~.~≈#
#≈~#≈≈≈#
#≈..)~~#
#≈#~~≈≈#
##~~..##
#≈≈~≈~≈#
#~~~~≈≈#
#≈≈~~≈≈#
#~≈~≈≈≈#


You could see 2 bullfrogs, 2 adders and 2 ball pythons.

Vanquished Creatures
  An orc priest (D:3)
  8 adders
  4 river rats
  A dart slug (D:1)
  4 orcs (D:3)
  5 bats
  2 endoplasms (D:2)
  5 giant cockroaches (D:1)
  5 goblins
  2 hobgoblins
  4 kobolds
  10 ball pythons
  2 frilled lizards (Sewer)
  26 rats
79 creatures vanquished.

Notes
Turn   | Place    | Note
-------+----------+-------------------------------------------
     0 | D:1      | Locuples the Minotaur Berserker began the quest for the
                  | Orb.
     0 | D:1      | Reached XP level 1. HP: 19/19 MP: 0/0
   228 | D:1      | Reached skill level 4 in Fighting
   240 | D:1      | Reached XP level 2. HP: 27/27 MP: 1/1
  1000 | D:2      | Reached XP level 3. HP: 19/34 MP: 2/2
  1204 | D:2      | Reached ** piety under Trog
  1445 | D:3      | Reached skill level 5 in Fighting
  1445 | D:3      | Reached XP level 4. HP: 20/42 MP: 3/3
  1563 | D:3      | Found a glowing drain.
  1605 | Sewer    | Entered a sewer
  1631 | Sewer    | Reached skill level 5 in Axes
  1795 | Sewer    | Reached XP level 5. HP: 21/49 MP: 4/4
  1939 | Sewer    | Reached *** piety under Trog
  1982 | Sewer    | Reached skill level 6 in Fighting
  2023 | Sewer    | HP: 2/75 [adder (3)]
  2023 | Sewer    | Slain by a ball python

Illustrated notes

Levels and vault maps discovered:
D:1:      sevenhm_arrival_forest_fort_small_3, layout_loops_cross,
          chequers_arboretum, minmay_worlds_worst_comb
D:2:      layout_basic
D:3:      layout_basic, portal_sewer_entry_b, minmay_hedge_maze,
          serial_bayou_ford_a, minmay_misc_feat_encased
Sewer:    sewer_minmay_w

Skill      XL: |  1  2  3  4  5 |
---------------+----------------+-----
Fighting       | 4 5 6 |  6.0
Axes           | 4 5 |  5.6
Armour         | |  2.8
Dodging        | |  2.1

Action                     |  1- 3 |  4- 6 || total
---------------------------+-------+-------++-------
  Melee: Hand axe          |    65 |    67 ||   132
         Headbutt          |     9 |     6 ||    15
 Invoke: Berserk           |     1 |     1 ||     2
   Stab: Sleeping          |     1 |       ||     1
 Armour: Animal skin       |    11 |    26 ||    37
  Dodge: Dodged            |    44 |    76 ||   120

Table legend: (Time is in decaauts)
 A = Elapsed time spent in this place.
 B = Non-inter-level travel time spent in this place.
 C = Inter-level travel time spent in this place.
 D = Time resting spent in this place.
 E = Time spent auto-exploring this place.
 F = Levels seen in this place.
 G = Mean time per level.
                   A        B        C        D        E       F      G
               +--------+--------+--------+--------+--------+-----+--------+
         Total |   2068 |   1924 |    144 |     73 |   1409 |   4 |  517.0 |
       Dungeon |   1616 |   1472 |    144 |     73 |   1096 |   3 |  538.7 |
         Sewer |    452 |    452 |      0 |      0 |    313 |   1 |  452.0 |
               +--------+--------+--------+--------+--------+-----+--------+

Top non-repeatable levels by time:
     D:2: 728 daAuts
     D:1: 660 daAuts
   Sewer: 452 daAuts
     D:3: 226 daAuts
